 Dungeon Crawl Stone Soup version 0.21.1-1-g345015f (webtiles) character file.

466 troglodite the Skirmisher (level 6, -3/49 HPs)
             Began as a Demonspawn Berserker on June 7, 2018.
             Was a Priest of Trog.
             Slain by a shadow imp (4 damage)
             ... on level 5 of the Dungeon.
             The game lasted 00:09:42 (3842 turns).

troglodite the Skirmisher (Demonspawn Berserker)    Turns: 3842, Time: 00:09:42

Health: -3/49      AC:  6    Str: 17    XL:     6   Next: 81%
Magic:  6/6        EV: 15    Int:  9    God:    Trog [***...]
Gold:   181        SH:  5    Dex: 19    Spells: 5/5 levels left

rFire    . . .     SeeInvis .   a - +0 falchion
rCold    . . .     Gourm    .   (no shield)
rNeg     . . .     Faith    .   d - +0 ring mail
rPois    .         Spirit   .   (helmet restricted)
rElec    .         Reflect  +   y - +0 cloak
rCorr    .         Harm     .   (no gloves)
MR       .....                  (no boots)
Stlth    ++........             t - +5 amulet of reflection
HPRegen  0.16/turn              s - +3 ring of evasion
MPRegen  0.10/turn              v - +5 ring of dexterity

@: berserk cooldown, slowed, drained, very slow
A: antennae 2, nightstalker 1
a: Berserk, Trog's Hand, Burn Spellbooks, Renounce Religion


You were on level 5 of the Dungeon.
You worshipped Trog.
Trog was most pleased with you.
You were hungry.

You visited 1 branch of the dungeon, and saw 5 of its levels.

You collected 181 gold pieces.

Inventory:

Hand Weapons
 a - a +0 falchion (weapon)
Armour
 d - a +0 ring mail (worn)
 y - a +0 cloak (worn)
Jewellery
 s - a +3 ring of evasion (left hand)
 t - a +5 amulet of reflection (around neck)
 v - a +5 ring of dexterity (right hand)
Wands
 x - a wand of polymorph (8)
Scrolls
 b - a scroll of noise {unknown}
 e - 2 scrolls of immolation {unknown}
 g - 6 scrolls of identify {unknown}
 h - 2 scrolls of amnesia {unknown}
 j - 2 scrolls of remove curse {unknown}
 k - 2 scrolls of enchant armour {unknown}
 l - 2 scrolls of blinking {unknown}
 n - a scroll of random uselessness {unknown}
 o - 3 scrolls of teleportation {unknown}
 p - a scroll of enchant weapon {unknown}
Potions
 f - a potion of cancellation {unknown}
 i - a potion of might {unknown}
 m - a potion of berserk rage {unknown}
 q - 2 potions of curing {unknown}
 r - 2 potions of haste {unknown}
 w - a potion of brilliance {unknown}
 z - a potion of ambrosia {unknown}
Comestibles
 c - 6 rations
 u - a chunk of flesh


   Skills:
 * Level 4.5(4.2) Fighting
 + Level 4.2(3.9) Long Blades
 * Level 3.5(3.2) Armour
 * Level 3.4(3.1) Dodging
 + Level 1.3(1.0) Stealth


You had 5 spell levels left.
You didn't know any spells.

Dungeon Overview and Level Annotations

Branches:
Dungeon (5/15)
 Temple: D:4-7

Altars:
Dithmenos
Kikubaaqudgha
Nemelex Xobeh
Xom
The Shining One

Annotations:
D:4 Menkaure


Innate Abilities, Weirdness & Mutations

You have a pair of antennae on your head.
You are slightly more attuned to the shadows.


Message History

Some of the chunks of flesh in your inventory have rotted away.
Unknown command.
You barely miss the gnoll.
The gnoll is severely wounded.
You block the gnoll's attack.
You hear a blaring wail to the north.
You hear a bark!
You hear an angry hiss.
You hear a shout! x2; You hear a bark! x2
Unknown command.
You hit the gnoll.
You kill the gnoll!
Trog accepts your kill. The shadow imp completely misses you.
A leopard gecko zombie comes into view.
Unknown command.
You hit the shadow imp.
The shadow imp is lightly wounded.
The shadow imp hits you.
* * * LOW HITPOINT WARNING * * *
The shadow imp hits you.
You die...

.#.
#..
#Z#
#.#
#.#
#5#
#@#
#)#
#.#
#.#
#.#
..#
###


You could see a shadow imp and a leopard gecko zombie.

Vanquished Creatures
  An ogre (D:4)
  2 hounds (D:4)
  An orc priest (D:3)
  Crazy Yiuf (D:4)
  Ijyb (D:3)
  Natasha (thrice) (D:3)
  Robin (D:2)
  3 gnolls
  4 adders
  A dart slug (D:1)
  7 orcs (D:3)
  4 bats (D:1)
  A giant cockroach (D:1)
  16 goblins
  12 hobgoblins
  10 jackals
  5 kobolds
  2 quokkas (D:3)
  2 frilled lizards (D:2)
  A leopard gecko skeleton (D:4)
  15 rats
93 creatures vanquished.

Notes
Turn   | Place    | Note
-------+----------+-------------------------------------------
     0 | D:1      | troglodite the Demonspawn Berserker began the quest for the Orb.
     0 | D:1      | Reached XP level 1. HP: 18/18 MP: 1/1
   420 | D:1      | Gained mutation: You have a pair of small antennae on your head. [demonic ancestry]
   420 | D:1      | Reached XP level 2. HP: 24/24 MP: 2/2
   887 | D:1      | Reached ** piety under Trog
   887 | D:1      | Gained mutation: You are slightly more attuned to the shadows. [demonic ancestry]
   887 | D:1      | Reached XP level 3. HP: 28/29 MP: 3/3
  1704 | D:2      | Noticed Robin
  1711 | D:2      | Killed Robin
  1715 | D:2      | Reached XP level 4. HP: 29/37 MP: 4/4
  2522 | D:3      | Found a shadowy altar of Dithmenos.
  2535 | D:3      | Noticed Natasha
  2543 | D:3      | Killed Natasha
  2811 | D:3      | Gained mutation: You have a pair of antennae on your head. [demonic ancestry]
  2811 | D:3      | Reached XP level 5. HP: 33/42 MP: 5/5
  2814 | D:3      | Reached *** piety under Trog
  2870 | D:3      | Noticed Natasha
  2893 | D:3      | Killed Natasha
  3097 | D:3      | Found a shimmering altar of Xom.
  3273 | D:3      | Noticed Ijyb
  3287 | D:3      | Killed Ijyb
  3300 | D:3      | Found a sparkling altar of Nemelex Xobeh.
  3337 | D:3      | Noticed Natasha
  3345 | D:3      | Killed Natasha
  3503 | D:3      | Found an ancient bone altar of Kikubaaqudgha.
  3574 | D:4      | Reached XP level 6. HP: 48/48 MP: 6/6
  3603 | D:4      | Found a glowing golden altar of the Shining One.
  3651 | D:4      | Reached skill level 1 in Stealth
  3663 | D:4      | Found a runed door.
  3738 | D:4      | Noticed Crazy Yiuf
  3740 | D:4      | Killed Crazy Yiuf
  3822 | D:4      | Noticed Menkaure
  3837 | D:5      | Entered Level 5 of the Dungeon
  3842 | D:5      | HP: 1/49 [shadow imp (5)]
  3842 | D:5      | Slain by a shadow imp

Skill      XL: |  1  2  3  4  5  6 |
---------------+-------------------+-----
Armour         | 2 3 |  3.5
Dodging        | 2 3 |  3.4
Long Blades    | 3 4 |  4.2
Fighting       | 4 |  4.5
Stealth        | 1 |  1.3

Action                   |  1- 3 |  4- 6 || total
-------------------------+-------+-------++-------
Melee: Falchion          |   106 |   152 ||   258
Invok: Berserk           |     1 |     6 ||     7
 Stab: Sleeping          |     1 |     4 ||     5
  Eat: Chunk             |     2 |    13 ||    15
Armor: Ring mail         |    35 |    37 ||    72
Dodge: Dodged            |    66 |   131 ||   197
Block: Other             |       |    33 ||    33
       Rpst.: Falchion   |    22 |    44 ||    66
